 Dungeon Crawl Stone Soup version 0.26-a0-611-g354ed81502 (webtiles) character file.

Game seed: 4847041789751440794

57 Descartes the Covert (level 3, 0/17 HPs)
             Began as a Felid Delver on Sept 5, 2020.
             Slain by a gnoll
             ... wielding a +0 spear
              (8 damage)
             ... on level 2 of the Dungeon.
             The game lasted 00:06:24 (3526 turns).

Descartes the Covert (Felid Delver)                 Turns: 3526, Time: 00:06:24

Health: 0/17       AC:  1    Str:  9    XL:     3   Next: 73%
Magic:  4/4        EV: 19    Int: 11    God:
Gold:   116        SH:  0    Dex: 17    Spells: 2/2 levels left
                                        Lives:  0   Deaths: 1

rFire    . . .     SeeInvis +     - Unarmed
rCold    . . .     Faith    .   (shield unavailable)
rNeg     . . .     Spirit   .   (armour unavailable)
rPois    .         Reflect  .   (helmet unavailable)
rElec    .         Harm     .   (cloak unavailable)
rCorr    .                      (gloves unavailable)
MR       +....                  (boots unavailable)
Stlth    +++++.....             (no amulet)
HPRegen  0.05/turn              h - ring of protection from magic
MPRegen  0.09/turn              (no ring)

@: quick
A: very small, no armour, no weapons or thrown items, stealth, claws 1, fangs 3,
see invisible, speed 1, shaggy fur 1, sharp paws
a: no special abilities


You were on level 2 of the Dungeon.
You visited 1 branch of the dungeon, and saw 5 of its levels.

You collected 116 gold pieces.

Inventory:

Missiles
 l - 48 arrows
 m - 51 stones
Jewellery
 h - a ring of protection from magic (left paw)
Wands
 e - a wand of digging (2)
Scrolls
 a - a scroll of fog
 b - 3 scrolls of magic mapping
 c - a scroll of fear
 f - a scroll of acquirement {unknown}
 g - 2 scrolls of enchant armour
 j - 2 scrolls of remove curse
 n - a scroll of immolation {unknown}
Potions
 d - a potion of haste
 i - a potion of heal wounds {unknown}
 k - a potion of mutation {unknown}
 o - a potion of berserk rage {unknown}


   Skills:
 - Level 3.0 Fighting
 + Level 3.8 Dodging
 + Level 8.9 Stealth
 - Level 2.0 Unarmed Combat


You had 2 spell levels left.
You didn't know any spells.
Your spell library was empty.

Dungeon Overview and Level Annotations

Branches:
Dungeon (5/15)
 Temple: D:4-7

Altars:
Okawaru


Innate Abilities, Weirdness & Mutations

You cannot wear armour.
You are incapable of wielding weapons or throwing items.
Your paws allow you to move quietly. (Stealth)
You have sharp claws.
You have razor-sharp teeth.
You have supernaturally acute eyesight. (SInv)
You cover ground quickly.
You are covered in fur. (AC +1)
Your sharp claws are effective at attacking unaware monsters.


Message History

You scratch the gnoll.
The gnoll is severely wounded.
The gnoll misses you.
You barely miss the gnoll.
The gnoll is severely wounded.
The gnoll barely misses you.
You scratch the gnoll but do no damage. You claw the gnoll, but do no damage.
You bite the gnoll, but do no damage.
The gnoll is severely wounded.
The gnoll completely misses you.
You scratch the gnoll but do no damage.
The gnoll is severely wounded.
The gnoll completely misses you.
You scratch the gnoll but do no damage.
The gnoll is severely wounded.
The gnoll barely misses you.
You barely miss the gnoll.
The gnoll is severely wounded.
The gnoll hits you with a +0 spear!
You die...

*,* *,*,,,,* ******, *,*
#.#.**** **,,,,,, *,*
*.#.**###*#...#.#. *,*
*,#.**..,*#....... *,*
*)#.**.#**#...#.#.
#.#####,#.##.# #.......
*,.....,#....# #...#.#.
*,*##############.......
*,*#..g@#.......#...#.#)
*,*#.##.#.#####.........
*,**,*#.#.# ###.......
*,,,,*#.#)# #.......
*,****#.#รท# #.......
*,*####.#.# #######.
*,*#....#.# #####.
*,*#.####.# #.....
#.##.####.# #.####


You could see a gnoll.

Vanquished Creatures
  A worker ant (D:4)
  2 gnolls (D:2)
  3 adders
  2 oozes (D:2)
  An adder skeleton (D:2)
  A leopard gecko (D:1)
  2 giant cockroaches (D:2)
  8 goblins
  3 hobgoblins
  6 jackals (D:2)
  4 bats (D:2)
  4 kobolds
  2 rats
39 creatures vanquished.

Notes
Turn   | Place    | Note
-------+----------+-------------------------------------------
     0 | D:5      | Descartes the Felid Delver began the quest for the Orb.
     0 | D:5      | Reached XP level 1. HP: 10/10 MP: 2/2
    99 | D:4      | Noticed a worker ant
   105 | D:4      | Killed a worker ant
   105 | D:4      | Reached skill level 7 in Stealth
   105 | D:4      | Reached XP level 2. HP: 14/14 MP: 3/3
   108 | D:4      | Reached skill level 8 in Stealth
   108 | D:4      | Reached XP level 3. HP: 17/17 MP: 4/4
   509 | D:2      | Reached XP level 4. HP: 21/21 MP: 5/5
   653 | D:1      | You fall into a shaft and drop 1 floor!
  1902 | D:2      | Found an iron altar of Okawaru.
  1999 | D:2      | HP: 1/21 [gnoll/+0 spear (4)]
  3101 | D:2      | Slain by a gnoll
  3102 | D:2      | Reached XP level 3. HP: -2/17 MP: 4/4
  3142 | D:2      | Found an iron altar of Okawaru.
  3526 | D:2      | Slain by a gnoll

Illustrated notes

Levels and vault maps discovered:
D:1:      lightli_arrival_maybe_door_vault, layout_loops_corners, serial_rivers,
          chequers_serial_rivers_large_a, chequers_serial_rivers_micro_d,
          chequers_serial_rivers_micro_e, chequers_serial_rivers_micro_c,
          chequers_serial_rivers_large_b, chequers_serial_rivers_micro_b
D:2:      layout_basic, serial_co_window_serial, co_window_corner_a,
          co_window_paths_a, co_window_of_opportunity_a,
          co_window_of_opportunity_a, co_window_paths_a,
          co_window_of_opportunity_b, co_window_2corner, co_window_broadway_c,
          co_window_4corner_b, glass_columns_c, glass_columns_b,
          grunt_decor_cap, okawaru_trees_2
D:3:      layout_basic
D:4:      layout_loops_ring, serial_shops, kennysheep_mini_moat, uniq_sigmund
D:5:      layout_basic, lemuel_coloured_pillars_altar, serial_shops, shop,
          makhleb_altar_promises_db

Skill      XL: |  1  2  3 |
---------------+----------+-----
Stealth        | 7 8 |  8.9
Dodging        | 3 |  3.8
Fighting       | |  3.0
Unarmed Combat | |  2.0

Action                   |  1- 3 |  4- 6 || total
-------------------------+-------+-------++-------
Melee: Unarmed           |    42 |    63 ||   105
       Bite              |     6 |     2 ||     8
       Punch             |     1 |     1 ||     2
Evoke: Wand              |       |     1 ||     1
  Use: Potion            |     1 |       ||     1
       Scroll            |       |     3 ||     3
 Stab: Sleeping          |     7 |     8 ||    15
       Distracted        |       |     1 ||     1
Armor: Skin              |     5 |     1 ||     6
Dodge: Dodged            |    23 |    53 ||    76

Table legend: (Time is in decaauts)
 A = Elapsed time spent in this place.
 B = Non-inter-level travel time spent in this place.
 C = Inter-level travel time spent in this place.
 D = Time resting spent in this place.
 E = Time spent auto-exploring this place.
 F = Levels seen in this place.
 G = Mean time per level.
                   A        B        C        D        E       F      G
               +--------+--------+--------+--------+--------+-----+--------+
         Total |   2978 |   2803 |    175 |      0 |   2211 |   5 |  595.6 |
       Dungeon |   2978 |   2803 |    175 |      0 |   2211 |   5 |  595.6 |
               +--------+--------+--------+--------+--------+-----+--------+

Top non-repeatable levels by time:
     D:2: 1666 daAuts
     D:1: 1192 daAuts
     D:5: 80 daAuts
     D:4: 28 daAuts
     D:3: 9 daAuts
